TKirby, chaotic female elven Ranger -------------- ---- |............| ----- ---------- ...| |............| ##....| .........| >....| |.............######||...# |........-# @q......| |............| ####....|# ##-........|# d q....| |............| # #-----# |........|# # ------ ---.----------### # # ---.--.---# ### ## # ### # `# ## # # # # # # # # # ## #### # ### # # ---.--------## # # ## # |..........+## # ### #------------# |....`.....|# # # #|..........|# |...........# ### ####### #|..........|# |).........| #----.------- #............# |......_....###########|..........| ------------ ------------ #.......^..<| |..........| ------------ TKirby the Lookout Experience level: 5 Strength: 15 Dexterity: 11 Constitution: 14 Intelligence: 13 Wisdom: 15 Charisma: 9 Health: 0(31) Energy: 26(26) Def: 8 Gold: 597 Moves: 3282 Dungeon seed: LDfEQO-c4VjcuX7v Game ID: TKirby_1507738505 Your Inventory: Coins $ - 597 gold pieces Weapons a - the blessed +1 Sting (alternate weapon; not wielded) b - a +1 elven bow (weapon in hand) c - 53 +2 elven arrows (in quiver) d - 39 +0 elven arrows Armor e - an uncursed +2 elven cloak (being worn) N - an uncursed +0 small shield (being worn) Y - an uncursed +1 studded leather armor (being worn) Comestibles f - 2 uncursed lembas wafers z - an uncursed food ration Scrolls j - an uncursed scroll of scare monster k - an uncursed scroll of light y - an uncursed scroll of charging G - an uncursed scroll of teleportation Spellbooks l - an uncursed spellbook of haste self m - an uncursed spellbook of sleep q - an uncursed spellbook of identify Potions h - an uncursed potion of levitation o - an uncursed potion of full healing p - a cursed potion of gain energy u - an uncursed potion of booze x - an uncursed potion of water A - an uncursed potion of see invisible Rings r - an uncursed ring of invisibility C - an uncursed ring of levitation Wands s - a wand of digging (0:6) F - a wand of digging (0:5) Tools E - 5 blessed wax candles (0:400) Gems n - an uncursed worthless piece of yellowish brown glass Spells and supernatural/magical abilities: Name Level Category Fail Memory z - sleep 1 enchantment 50% 89% H - haste self 3 escape 100% 89% I - identify 3 divination 100% 90% W - pray for help -- divine ? -- Your skills at the end: Fighting Skills Weapon Skills dagger [Skilled] bow [Basic] Spellcasting Skills Final Attributes: You were piously aligned. You were sleep resistant. You were telepathic. You had automatic searching. You had infravision. You were stealthy. You are dead. Vanquished creatures: a gnomish wizard a straw golem 2 little dogs 2 floating eyes a kobold shaman a rabid rat a giant bat 2 orc zombies an iguana an acid blob 2 large kobolds 2 giant rats 2 brown molds 2 yellow molds a gnome a gnome zombie a gecko 6 jackals 2 foxes 2 kobolds 2 goblins 8 grid bugs 2 bats 6 lichens 4 newts 56 creatures vanquished. Voluntary challenges: You had been an atheist until turn 2692. You used a wielded weapon 62 times, starting on turn 116. You read items or engraved 22 times, starting on turn 953. You never genocided any monsters. You never polymorphed an object. You never changed form. You used no wishes. You never split a pudding. You never wrote Elbereth's name. You never violated your personal moral code. Dungeon overview: The Dungeons of Doom: levels 1 to 7 Level 1 a long staircase Level 2 some fountains a long staircase Level 3 Level 4 a general store, a fountain Level 5 a weapon shop, some fountains Level 6 many fountains Level 7 <- You were here an altar to Mars History has recorded: On T:1 you entered the Dungeons of Doom to retrieve the Amulet of Yendor! On T:436 you advanced to experience level 2. On T:575 you reached level 2 of The Dungeons of Doom. On T:985 you advanced to experience level 3. On T:1024 you reached level 3 of The Dungeons of Doom. On T:1379 you reached level 4 of The Dungeons of Doom. On T:2062 you advanced to experience level 4. On T:2103 you reached level 5 of The Dungeons of Doom. On T:2542 you reached level 6 of The Dungeons of Doom. On T:2976 you advanced to experience level 5. On T:2991 you reached level 7 of The Dungeons of Doom. Score breakdown: Gold: 597 ( 9445 points) Experience: 5 levels (11141 points) Exploration: 7 levels ( 15.22%) (10954 points) Discoveries: 5 items ( 1.72%) ( 3939 points) Valuables value: (no points given unless you survive) Artifact value: 800 ( 9877 points) Variety of kills: 25 monsters ( 6.56%) ( 7684 points) Turncount: 3282 turns ( -732 points) Survival: died (score multiplied by 80%) Total score: 41846 Latest messages: You hear a jackal howling at the moon. The door resists! The door opens. You stop exploring. You begin bashing monsters with your elven bow. You miss the rothe. You are now wielding your Sting. b - a +1 elven bow (alternate weapon; not wielded). You hit the rothe! The rothe hits! The rothe bites! (2x) You hit the rothe. The rothe hits! The rothe bites! (2x) You are now wielding your elven bow. a - the blessed +1 Sting (alternate weapon; not wielded). You shoot 2 elven arrows. The 1st elven arrow misses the rothe. The 2nd elven arrow misses the rothe. The rothe hits! The rothe bites! (2x) You die... Final status: Goodbye TKirby the Ranger, killed by a rothe... You died in The Dungeons of Doom on dungeon level 7 with 41846 points, and 597 pieces of gold, after 3282 moves. You were level 5 with a maximum of 31 hit points when you died.